 Dungeon Crawl Stone Soup version 0.23-a0-169-gb21e695 (webtiles) character file.

5273 grindst0ne the Fighter (level 10, -2/85 HPs)
             Began as a Mummy Fighter on Sept 11, 2018.
             Was an Initiate of Gozag.
             Slain by a meliai
             ... wielding a +0 hand axe
              (8 damage)
             ... on level 9 of the Dungeon.
             The game lasted 00:18:26 (11517 turns).

grindst0ne the Fighter (Mummy Fighter)             Turns: 11517, Time: 00:18:27

Health: -2/85      AC: 11    Str: 20    XL:     10   Next: 36%
Magic:  24/24      EV:  5    Int: 11    God:    Gozag
Gold:   572        SH: 11    Dex: 11    Spells: 9/9 levels left

rFire    + . .     SeeInvis .   v - +11 flail "Rummage" {freeze, rPois rC- rN+++ Stlth+}
rCold    . . .     Gourm    .   c - +1 shield
rNeg     + + +     Faith    .   k - +0 chain mail
rPois    ∞         Spirit   .   q - +0 helmet
rElec    .         Reflect  .   n - scarf {rC+ rF+}
rCorr    .         Harm     .   j - +0 pair of gloves
MR       +....                  (no boots)
Stlth    ..........             (no amulet)
HPRegen  0.24/turn              w - ring of fire
MPRegen  0.19/turn              x - ring of magical power

@: no status effects
A: no food or potions, fire vulnerability, cold resistance 1, negative energy
resistance 3, torment resistance, unbreathing
a: Potion Petition, Call Merchant, Bribe Branch, Renounce Religion


You were on level 9 of the Dungeon.
You worshipped Gozag.
Gozag was pleased with you.
You were not hungry.

You visited 2 branches of the dungeon, and saw 10 of its levels.

You collected 1322 gold pieces.
You paid 750 gold pieces to Gozag.

Inventory:

Hand Weapons
 a - a +1 war axe
 f - a +1 dagger of venom
 v - the +11 flail "Rummage" (weapon) {freeze, rPois rC- rN+++ Stlth+}
   (You found it on level 8 of the Dungeon)

   It has been specially enchanted to freeze those struck by it, causing extra
   injury to most foes and up to half again as much damage against particularly
   susceptible opponents.
   It can also slow down cold-blooded creatures.
   It makes you vulnerable to cold.
   It protects you from poison.
   It renders you almost immune to negative energy.
   It makes you more stealthy.
Armour
 c - a +1 shield (worn)
 j - a +0 pair of gloves (worn)
 k - a +0 chain mail (worn)
 n - a scarf of resistance (worn)
 q - a +0 helmet (worn)
Jewellery
 w - a ring of fire (left hand)
 x - a ring of magical power (right hand)
 z - an uncursed ring of stealth
 A - the brooch of Shielding {Reflect SH+8}
   (You found it on level 9 of the Dungeon)

   [amulet of reflection]

   It shields you and reflects attacks.
   It affects your SH (+8).
Wands
 m - a wand of clouds (3)
 r - a wand of random effects (27)
 s - a wand of digging (9)
 u - a wand of polymorph (38)
Scrolls
 b - a scroll of blinking
 d - 5 scrolls of identify
 e - 2 scrolls of enchant armour
 g - 8 scrolls of teleportation
 h - a scroll of noise
 i - 3 scrolls of remove curse
 l - 2 scrolls of enchant weapon
 o - a scroll of fear
 p - 2 scrolls of fog
 t - 2 scrolls of magic mapping
 y - a scroll of random uselessness {unknown}


   Skills:
 - Level 10.1 Fighting
 - Level 1.8(2.4) Axes
 * Level 2.3(2.6) Maces & Flails
 - Level 2.4 Armour
 - Level 7.0 Shields
 - Level 7.1 Evocations


You had 9 spell levels left.
You didn't know any spells.
Your spell library contained the following spells:

 Spells                   Type           Power        Failure   Level  Hunger
 Freeze                   Ice            #...         100%        1    N/A
 Sticks to Snakes         Tmut           #.......     100%        2    N/A
 Throw Frost              Conj/Ice       #.....       100%        2    N/A
 Ozocubu's Armour         Chrm/Ice       #.......     100%        3    N/A
 Summon Ice Beast         Ice/Summ       #.......     100%        4    N/A
 Throw Icicle             Conj/Ice       #.......     100%        4    N/A
 Beastly Appendage        Tmut           Unusable     N/A         1    N/A
 Spider Form              Tmut/Pois      Unusable     N/A         3    N/A
 Ice Form                 Ice/Tmut       Unusable     N/A         4    N/A
 Blade Hands              Tmut           Unusable     N/A         5    N/A

Dungeon Overview and Level Annotations

Branches:
Dungeon (9/15)             Temple (1/1) D:5            Lair (0/6) D:8
    Orc: D:9-12

Altars:
Ashenzari
Cheibriados
Dithmenos
Elyvilon
Fedhas
Gozag
Hepliaklqana
Kikubaaqudgha
Makhleb
Nemelex Xobeh
Okawaru
Qazlal
Ru
Sif Muna
Trog
Vehumet
Wu Jian
Xom
Yredelemnul
Zin
The Shining One

Annotations:
D:2 exclusion: downstairs
D:4 exclusion: 2 downstairs


Innate Abilities, Weirdness & Mutations

You do not eat or drink.
Your flesh is vulnerable to fire.
You are immune to poison.
Your flesh is cold resistant. (rC+)
You are immune to negative energy. (rN+++)
You are immune to unholy pain and torment.
You can survive without breathing.


Message History

You block the meliai's attack. x2
The meliai invokes the aid of its god against you.
Something smites you!
A meliai comes into view. It is wielding a hand axe.
The meliai buzzes angrily.
You block the meliai's attack. The meliai stings you!
The meliai mumbles some strange prayers to its god against you.
Something smites you!
The meliai mumbles some strange prayers to its god against you.
Something smites you!
* * * LOW HITPOINT WARNING * * *
The meliai completely misses you. The meliai stings you.
* * * LOW HITPOINT WARNING * * *
The centaur skeleton hits you but does no damage.
The meliai calls down the wrath of its god upon you.
Something smites you!
* * * LOW HITPOINT WARNING * * *
The meliai hits you with a hand axe!
You die...
Your body crumbles into a pile of gold.

..........##......#
.........%......#.#
................#.##.
.....................
...............##.##.
............).y.#.#
.............Z..#.#
..............yy..#
#+#+#######...@#..#
###.#.#### ##..<#..#
#<#.#....# #...##.#
....#....# ###...# ..
.........###.....# .#
...........+...#.# .#
...#...###.#...#.#
...#...# #.#...#.###
...#...# #..........


You could see 3 meliai and a centaur skeleton.

Vanquished Creatures
  Pikel (D:5)
  Grinder (D:5)
  2 hippogriffs
  Eustachio (D:6)
  A human (D:8)
  2 hungry ghosts (D:7)
  2 wargs
  3 orc warriors
  2 sky beasts
  2 ice beasts
  3 slaves
  A black bear (D:7)
  2 phantoms
  3 ogres
  Blork the orc (D:6)
  4 bullfrogs
  2 gnoll sergeants
  A scorpion (D:8)
  9 killer bees (D:7)
  4 wights
  2 crimson imps
  A howler monkey (D:5)
  2 bullfrog zombies (D:7)
  3 hounds
  7 orc priests
  A jelly (D:8)
  4 bullfrog skeletons
  2 iguanas (D:4)
  Ijyb (D:4)
  8 orc wizards
  5 worker ants
  2 hound skeletons (D:4)
  A hound zombie (D:6)
  3 gnolls (D:8)
  8 adders
  A worm (D:2)
  A dart slug (D:2)
  7 leopard geckos
  32 orcs
  5 giant cockroaches
  4 hobgoblins
  7 jackals
  9 kobolds
  5 quokkas
  3 ball pythons
  6 bats
  6 frilled lizards
  4 goblins
  6 rats
  A spectral orc (D:2)
194 creatures vanquished.

Notes
Turn   | Place    | Note
-------+----------+-------------------------------------------
     0 | D:1      | grindst0ne the Mummy Fighter began the quest for the Orb.
     0 | D:1      | Reached XP level 1. HP: 18/18 MP: 1/1
    72 | D:1      | Reached XP level 2. HP: 22/24 MP: 2/2
   432 | D:1      | Reached XP level 3. HP: 15/29 MP: 3/3
  1313 | D:2      | Found a basalt altar of Yredelemnul.
  1570 | D:3      | Reached skill level 4 in Fighting
  1653 | D:3      | Noticed an ogre
  1670 | D:3      | Killed an ogre
  1670 | D:3      | Reached XP level 4. HP: 38/38 MP: 4/4
  1670 | D:3      | Reached XP level 5. HP: 43/43 MP: 5/5
  1963 | D:3      | Found a glowing silver altar of Zin.
  1963 | D:3      | Found a white marble altar of Elyvilon.
  1963 | D:3      | Found a glowing golden altar of the Shining One.
  2093 | D:4      | Noticed a phantom
  2230 | D:4      | Killed a phantom
  2230 | D:4      | Reached skill level 5 in Fighting
  2230 | D:4      | Reached XP level 6. HP: 23/51 MP: 6/6
  2507 | D:4      | Noticed Ijyb
  2516 | D:4      | Killed Ijyb
  3198 | D:5      | Entered Level 5 of the Dungeon
  3198 | D:5      | Found a staircase to the Ecumenical Temple.
  3229 | Temple   | Entered the Ecumenical Temple
  3353 | Temple   | Became a worshipper of Gozag Ym Sagoz the Greedy
  3385 | D:5      | Reached skill level 6 in Fighting
  3409 | D:5      | Noticed a slave
  3409 | D:5      | Noticed a slave
  3411 | D:5      | Noticed a slave
  3412 | D:5      | Noticed a slave
  3439 | D:5      | Killed a slave
  3647 | D:4      | Reached skill level 5 in Shields
  3647 | D:4      | Reached XP level 7. HP: 37/58 MP: 7/7
  4453 | D:5      | Noticed Grinder
  4467 | D:5      | Paralysed by Grinder for 6 turns
  4501 | D:5      | Killed Grinder
  4501 | D:5      | Reached skill level 7 in Fighting
  4529 | D:5      | Noticed Pikel
  5816 | D:5      | Killed Pikel
  5816 | D:5      | Reached skill level 8 in Fighting
  5816 | D:5      | Reached XP level 8. HP: 53/68 MP: 8/8
  5877 | D:5      | HP: 1/68 [something (5)]
  6240 | D:5      | Reached skill level 1 in Evocations
  6735 | D:6      | Noticed Eustachio
  6736 | D:6      | Noticed Blork the orc
  6747 | D:6      | Killed Eustachio
  6980 | D:6      | Reached XP level 9. HP: 49/75 MP: 11/11
  7077 | D:6      | Found a shattered altar of Ashenzari.
  7449 | D:6      | Killed Blork the orc
  8311 | D:7      | Reached skill level 9 in Fighting
  8693 | D:7      | Reached skill level 5 in Evocations
  9005 | D:7      | Found the +3 warlock's mirror {reflect}
  9663 | D:8      | Reached XP level 10. HP: 39/84 MP: 14/14
 10243 | D:8      | Found a staircase to the Lair.
 10519 | D:8      | Reached skill level 10 in Fighting
 11103 | D:8      | Got a dazzling flail
 11104 | D:8      | Identified the +11 flail "Rummage" {freeze, rPois rC- rN+++
                  | Stlth+} (You found it on level 8 of the Dungeon)
 11179 | D:8      | Reached skill level 1 in Maces & Flails
 11450 | D:9      | Found the brooch of Shielding {Reflect SH+8}
 11517 | D:9      | Slain by a meliai

Vault maps used:
D:1:      scummos_arrival_hexagon
D:2:      yredelemnul_forgotten_temple_becter, kennysheep_boxes
D:3:      good_gods_mini_temple, serial_corexii_hall, corexii_hall_statues_x,
          corexii_hall_statues_deadend, first_ration
D:4:      st_stairs_12, uniq_ijyb
D:5:      minmay_temple_entry_statues_pillars, uniq_pikel, uniq_grinder
D:6:      ashenzari_conservatory_becter, sword_in_stone
D:8:      erik_lair_orcish_takeover, nicolae_ossuary_entry_monument,
          grunt_pizzeria
D:9:      dancing_weapons_uskayaw, biasface_ghost_orc_armoury
Temple:   nicolae_temple_elliptical

Skill      XL: |  1  2  3  4  5  6  7  8  9 10 |
---------------+-------------------------------+-----
Shields        | 3 4 5 6 7 |  7.0
Fighting       | 4 5 6 8 9 10 | 10.1
Evocations     | 3 6 7 |  7.1
Maces & Flails | 2 |  2.3
Axes           | |  1.8
Armour         | |  2.4

Action                   |  1- 3 |  4- 6 |  7- 9 | 10-12 || total
-------------------------+-------+-------+-------+-------++-------
Melee: War axe           |   103 |   175 |   506 |   140 ||   924
       Dagger            |    25 |    32 |       |       ||    57
       Flail             |       |       |       |    33 ||    33
Throw: Throwing net      |       |       |     2 |       ||     2
Invok: Potion Petition   |       |     1 |       |     1 ||     2
Evoke: Wand              |       |       |    14 |     5 ||    19
  Use: Scroll            |       |       |    11 |       ||    11
 Stab: Held in net/web   |       |       |     2 |       ||     2
Armor: Scale mail        |    62 |     8 |       |       ||    70
       Chain mail        |       |    85 |   342 |    86 ||   513
Dodge: Dodged            |    45 |    61 |   119 |    37 ||   262
Block: Shield            |    72 |   115 |   350 |   123 ||   660

Table legend:
 A = Non-vault XP
 B = Vault XP
 C = Vault XP percentage of total XP
 D = Non-vault monster count
 E = Vault monster count
 F = Vault count percentage of total count
                 A         B        C        D         E       F
            +---------+---------+-------+---------+---------+-------
      Total |    5225 |    2309 |  30.6 |     173 |      18 |   9.4
            +---------+---------+-------+---------+---------+-------
        D:1 |      49 |       0 |   0.0 |      31 |       0 |   0.0
        D:2 |      31 |       1 |   3.1 |       9 |       1 |  10.0
        D:3 |     185 |       0 |   0.0 |      16 |       0 |   0.0
        D:4 |     405 |      54 |  11.8 |      17 |       2 |  10.5
        D:5 |     623 |     928 |  59.8 |      22 |       2 |   8.3
        D:6 |     436 |     584 |  57.3 |      20 |       5 |  20.0
        D:7 |    1935 |     286 |  12.9 |      26 |       2 |   7.1
        D:8 |    1169 |     456 |  28.1 |      28 |       6 |  17.6
        D:9 |     392 |       0 |   0.0 |       4 |       0 |   0.0
            +---------+---------+-------+---------+---------+-------
